 Dungeon Crawl Stone Soup version 0.23-a0-270-gab6feb3 (webtiles) character file.

68765 Felrender the Severer (level 14, -5/129 HPs)
             Began as a Minotaur Fighter on Sept 29, 2018.
             Was the Champion of Okawaru.
             Slain by a jiangshi (14 damage)
             ... led by a vampire mage
             ... on level 1 of the Depths on Sept 30, 2018.
             The game lasted 00:46:46 (18529 turns).

Felrender the Severer (Minotaur Fighter)           Turns: 18529, Time: 00:46:46

Health: -5/129     AC: 26    Str: 29    XL:     14   Next: 87%
Magic:  4/4        EV:  9    Int:  5    God:    Okawaru [******]
Gold:   697        SH: 20    Dex:  9    Spells: 13/13 levels left

rFire    . . .     SeeInvis +   W - +5 broad axe of Victory {antimagic, rC+ Str+2}
rCold    + . .     Gourm    .   c - +0 shield
rNeg     . . .     Faith    .   a - +2 plate armour
rPois    +         Spirit   .   Q - +2 hat
rElec    .         Reflect  +   w - +0 cloak
rCorr    .         Harm     .   v - +2 pair of gloves
MR       +....                  u - +1 pair of boots
Stlth    ..........             e - +5 amulet of reflection
HPRegen  0.31/turn              d - ring of see invisible
MPRegen  0.09/turn              N - ring of poison resistance

@: no status effects
A: retaliatory headbutt, horns 2
a: Heroism, Finesse, Renounce Religion


You were on level 1 of the Depths.
You worshipped Okawaru.
Okawaru was exalted by your worship.
You were not hungry.

You visited 4 branches of the dungeon, and saw 18 of its levels.

You collected 1131 gold pieces.
You spent 434 gold pieces at shops.

Inventory:

Hand Weapons
 t - the +2 halberd of Eternal Vigilance {vamp, rPois Dex+5}
   (Okawaru gifted it to you on level 15 of the Dungeon)

   It inflicts no extra harm, but heals its wielder when it wounds a living foe.
   It affects your dexterity (+5).
   It protects you from poison.
 y - a +2 hand axe of flaming
 A - a +1 battleaxe of freezing
 B - a +5 hand axe of electrocution
 D - the +5 scimitar "Ylobu" {venom, rN+}
   (You bought it in a shop on level 12 of the Dungeon)

   It poisons the flesh of those it strikes.
   It protects you from negative energy.
 T - a +3 dagger of protection
 W - the +5 broad axe of Victory (weapon) {antimagic, rC+ Str+2}
   (Okawaru gifted it to you on level 1 of the Lair of Beasts)

   It reduces the magical energy of the wielder, and disrupts the spells and
   magical abilities of those hit.
   Natural abilities and divine invocations are not affected.
   It affects your strength (+2).
   It protects you from cold.
Missiles
 V - 3 silver tomahawks (quivered)
Armour
 a - a +2 plate armour (worn)
 c - a +0 shield (worn)
 u - a +1 pair of boots (worn)
 v - a +2 pair of gloves (worn)
 w - a +0 cloak (worn)
 x - +1 fire dragon scales
 z - the +1 steam dragon scales of the Wilderness {+Blink rC+ Str+4}
   (Okawaru gifted it to you on level 1 of the Depths)

   It affects your strength (+4).
   It protects you from cold.
   It lets you blink.
 E - a +0 pair of boots of flying
 Q - a +2 hat (worn)
 S - a +0 shield of fire resistance
Jewellery
 d - a ring of see invisible (left hand)
 e - a +5 amulet of reflection (around neck)
 J - an uncursed ring of resist corrosion
 N - a ring of poison resistance (right hand)
 Y - an uncursed ring of flight {unknown}
Wands
 b - a wand of polymorph (22)
 k - a wand of paralysis (31)
 p - a wand of scattershot (8)
 G - a wand of acid (7)
 H - a wand of random effects (8)
 I - a wand of iceblast (15)
 P - a wand of disintegration (13)
 Z - a wand of flame (10)
Scrolls
 h - 3 scrolls of fear
 i - 3 scrolls of remove curse
 l - 4 scrolls of blinking
 m - a scroll of amnesia
 q - 6 scrolls of magic mapping
 F - 4 scrolls of teleportation
 O - 2 scrolls of fog
Potions
 g - a potion of haste
 j - a potion of lignification {unknown}
 n - 3 potions of resistance {unknown}
 o - 3 potions of degeneration
 r - 2 potions of curing
 s - 2 potions of might
 C - a potion of cancellation {unknown}
 K - 2 potions of agility {unknown}
 M - 4 potions of magic {unknown}
 U - 5 potions of flight {unknown}
 X - 4 potions of brilliance {unknown}
Miscellaneous
 R - a lamp of fire
Comestibles
 f - 14 rations
 L - 2 chunks of flesh


   Skills:
 + Level 13.5 Fighting
 + Level 18.7(18.8) Axes
 + Level 2.7(12.9) Polearms
 + Level 11.4 Armour
 + Level 4.1 Dodging
 + Level 1.3 Stealth
 + Level 16.2 Shields
 + Level 1.2 Unarmed Combat
 + Level 0.1 Invocations
 + Level 0.2 Evocations


You had 13 spell levels left.
You didn't know any spells.
Your spell library contained the following spells:

 Spells                   Type           Power        Failure   Level  Hunger
 Animate Skeleton         Necr           N/A          98%         1    ##.....
 Apportation              Tloc           #.....       98%         1    ##.....
 Confusing Touch          Hex            #.....       98%         1    ##.....
 Magic Dart               Conj           #...         98%         1    ##.....
 Summon Small Mammal      Summ           #...         98%         1    ##.....
 Blink                    Tloc           N/A          99%         2    ###....
 Call Imp                 Summ           #.......     99%         2    ###....
 Corpse Rot               Necr           N/A          99%         2    ###....
 Poisonous Vapours        Pois/Air       #.....       99%         2    ###....
 Slow                     Hex            #.......     99%         2    ###....
 Conjure Flame            Conj/Fire      #.......     100%        3    ####...
 Mephitic Cloud           Conj/Pois/Air  #.......     100%        3    ####...
 Stone Arrow              Conj/Erth      #.....       100%        3    ####...
 Leda's Liquefaction      Hex/Erth       #.........   100%        4    #####..
 Summon Forest            Summ/Tloc      #.........   100%        5    ######.
 Freezing Cloud           Conj/Ice/Air   #.........   100%        6    #######
 Hydra Form               Tmut           #.........   100%        6    #######
 Ring of Flames           Chrm/Fire      #.........   100%        7    #######
 Summon Hydra             Summ           #.........   100%        7    #######


Dungeon Overview and Level Annotations

Branches:
Dungeon (15/15)            Temple (1/1) D:5            Lair (1/6) D:9
    Orc (0/2) D:10         Vaults (0/5) D:14         Depths (1/5) D:15

Altars:
Ashenzari
Cheibriados
Dithmenos
Elyvilon
Fedhas
Gozag
Hepliaklqana
Kikubaaqudgha
Makhleb
Nemelex Xobeh
Okawaru
Qazlal
Ru
Sif Muna
Trog
Uskayaw
Vehumet
Wu Jian
Xom
Yredelemnul
Zin
The Shining One

Shops:
D:5 !   D:8 %   D:12 (   D:15 (

Portals:
Ziggurat: Depths:1
Trove: D:15 (give 19 potions of curing)


Innate Abilities, Weirdness & Mutations

You reflexively headbutt those who attack you in melee.
You have a pair of horns on your head.


Message History

The jiangshi is almost destroyed.
You block the jiangshi's attack.
The jiangshi claws you but does no damage.
You block the jiangshi's attack. x2
The jiangshi claws you but does no damage.
You block the jiangshi's attack.
Items here: (( )))))) [[ †††† Your plate armour prevents you from hitting the jiangshi.
You headbutt the jiangshi!
You destroy the jiangshi!
Okawaru accepts your kill.
You hit the jiangshi but do no damage. You block the jiangshi's attack. x2
Items here: (( ))) [[ You closely miss the jiangshi.
You hit the jiangshi but do no damage. You block the jiangshi's attack.
The jiangshi claws you!
* * * LOW HITPOINT WARNING * * *
The jiangshi draws strength from your injuries!
You completely miss the jiangshi. You hit the jiangshi. The jiangshi claws you!
You die...

###### .....# # #
.....###############.#.#
.....##≈§.(...##........
.#####≈≈≈....)##).....(.
.......§..§§.(([@VV.>...
.###≈≈≈≈§§§≈####V(......
.##§≈≈≈§§§≈§≈# #........
.#§§≈≈≈≈≈≈≈§≈≈##..((....
##§≈≈§≈≈≈≈§≈≈≈##.....(..
###≈≈§...≈§§≈###........
####≈≈...≈≈≈## #........
.........≈≈## #........
≈###


You could see 2 jiangshi and a vampire mage.

Vanquished Creatures
  Gastronok (D:8)
  Frances (D:12)
  A stone giant (Depths:1)
  A yaktaur captain (D:15)
  A jiangshi (Depths:1)
  A fire dragon (Depths:1)
  Harold (D:9)
  An ogre mage (D:15)
  A rakshasa (Depths:1)
  4 vault guards (D:14)
  Erica (D:12)
  2 hydras
  5 centaur warriors
  An ice dragon (Depths:1)
  5 two-headed ogres
  A death knight (D:15)
  5 tengu warriors
  A deep elf knight (D:12)
  A deep elf archer (D:15)
  A flayed ghost (Depths:1)
  An obsidian statue (D:11)
  The ghost of PurpleCat the Cleaver, a novice MiBe of Trog (D:6)
  2 wizards
  Pikel (D:6)
  An orc knight (D:12)
  16 ugly things
  An orc sorcerer (D:15)
  3 deep elf magi (D:15)
  A manticore (D:14)
  3 cyclopes
  Joseph (D:12)
  Maurice (D:8)
  2 naga magi (D:15)
  A centaur zombie (D:10)
  2 gargoyles
  A spiny frog (Lair:1)
  A kobold demonologist (D:13)
  3 yaktaurs (Depths:1)
  A komodo dragon (Lair:1)
  An efreet (D:15)
  4 tengu conjurers
  4 trolls
  3 meliai
  Grinder (D:6)
  3 hornets
  A merfolk (D:9)
  3 blink frogs (Lair:1)
  Prince Ribbit (D:5)
  A hornet (shapeshifter) (D:15)
  15 slime creatures
  11 hippogriffs
  Sigmund (D:4)
  A centaur simulacrum (D:14)
  A wraith (D:11)
  18 yaks
  A vampire (D:14)
  A fire elemental (Depths:1)
  3 shadows
  Grum (D:9)
  A basilisk (D:12)
  A steam dragon (D:11)
  6 vampire mosquitoes
  A hungry ghost (D:15)
  3 water moccasins
  5 porcupines (Lair:1)
  A slave (D:6)
  3 black bears
  7 ice beasts
  2 phantoms
  3 sky beasts
  An eye of draining (D:14)
  5 orc warriors
  14 centaurs
  8 ogres
  7 necrophages
  4 wolves (D:9)
  2 crocodiles
  2 big kobolds
  An elf zombie (D:9)
  An elf skeleton (D:9)
  19 bullfrogs
  2 wyvern zombies
  A wyvern skeleton (D:14)
  4 scorpions
  11 killer bees (D:9)
  2 water moccasin skeletons
  3 howler monkeys (D:9)
  13 wights
  10 crimson imps
  5 hounds
  4 quasits
  6 centaur skeletons
  4 human zombies (D:9)
  5 orc priests
  Crazy Yiuf (D:4)
  5 jellies
  10 orc wizards
  3 bullfrog skeletons
  A human skeleton (D:9)
  8 worker ants
  7 iguanas
  A hound zombie (D:9)
  2 mummies (D:9)
  3 hound skeletons
  14 gnolls
  10 adders
  A howler monkey skeleton (D:6)
  3 shadow imps
  2 oozes
  An adder skeleton (D:6)
  3 worms
  A dart slug (D:3)
  5 leopard geckos
  46 orcs
  6 giant cockroaches
  12 jackals
  5 quokkas
  8 bats
  5 frilled lizards
  9 goblins
  19 kobolds
  An orc skeleton (D:9)
  An orc zombie (D:9)
  A quokka skeleton (D:5)
  4 rats
519 creatures vanquished.

Vanquished Creatures (others)
  A tengu warrior (D:15)
  An eye of draining (D:15)
  5 centaurs
  A jackal (D:6)
8 creatures vanquished.

Grand Total: 527 creatures vanquished

Notes
Turn   | Place    | Note
-------+----------+-------------------------------------------
     0 | D:1      | Felrender the Minotaur Fighter began the quest for the Orb.
     0 | D:1      | Reached XP level 1. HP: 19/19 MP: 0/0
   338 | D:1      | Reached XP level 2. HP: 27/27 MP: 1/1
  1054 | D:2      | Found a shattered altar of Ashenzari.
  1117 | D:2      | Reached skill level 3 in Axes
  1117 | D:2      | Reached XP level 3. HP: 31/33 MP: 2/2
  1716 | D:3      | Reached XP level 4. HP: 30/40 MP: 3/3
  1904 | D:3      | Reached skill level 5 in Shields
  1904 | D:3      | Reached XP level 5. HP: 23/46 MP: 4/4
  2153 | D:3      | Reached skill level 4 in Axes
  2153 | D:3      | Reached skill level 5 in Armour
  2249 | D:3      | Reached skill level 1 in Dodging
  2680 | D:4      | Reached XP level 6. HP: 41/53 MP: 5/5
  2777 | D:4      | Reached skill level 5 in Axes
  2884 | D:4      | Noticed Sigmund
  2906 | D:4      | Killed Sigmund
  2906 | D:4      | Reached skill level 6 in Axes
  2906 | D:4      | Reached XP level 7. HP: 19/60 MP: 6/6
  3470 | D:4      | Found a runed door.
  3474 | D:4      | Noticed Crazy Yiuf
  3481 | D:4      | Killed Crazy Yiuf
  3828 | D:5      | Entered Level 5 of the Dungeon
  3858 | D:5      | Reached skill level 7 in Axes
  3921 | D:5      | Reached skill level 5 in Fighting
  3972 | D:5      | Found a staircase to the Ecumenical Temple.
  3979 | D:5      | Reached XP level 8. HP: 67/68 MP: 7/7
  3982 | Temple   | Entered the Ecumenical Temple
  4082 | Temple   | Became a worshipper of Warmaster Okawaru
  4157 | D:5      | Noticed Prince Ribbit
  4174 | D:5      | Noticed a troll
  4202 | D:5      | Killed a troll
  4211 | D:5      | Reached skill level 8 in Axes
  4613 | D:5      | Found Tikuk's Distillery.
  4621 | D:5      | Bought a potion of curing for 42 gold pieces
  4621 | D:5      | Bought a potion of heal wounds for 70 gold pieces
  4621 | D:5      | Bought a potion of berserk rage for 70 gold pieces
  4690 | D:5      | Got an ancient plate armour
  4704 | D:5      | Identified the cursed +0 plate armour "Tafub" {Int+2} (You
                  | found it on level 5 of the Dungeon)
  4716 | D:5      | Found a hazy altar of Hepliaklqana.
  4825 | D:5      | Killed Prince Ribbit
  4825 | D:5      | Reached * piety under Okawaru
  5133 | D:6      | Noticed a hippogriff
  5144 | D:6      | Killed a hippogriff
  5144 | D:6      | Reached skill level 9 in Axes
  5192 | D:6      | Reached XP level 9. HP: 56/75 MP: 8/8
  5211 | D:6      | Reached ** piety under Okawaru
  5355 | D:6      | Noticed Grinder
  5382 | D:6      | Killed Grinder
  5579 | D:6      | Reached skill level 10 in Axes
  5753 | D:6      | Found a transporter.
  5756 | D:6      | Noticed Pikel
  5767 | D:6      | Killed Pikel
  5767 | D:6      | Reached *** piety under Okawaru
  5772 | D:6      | Found a transporter.
  5781 | D:6      | Noticed PurpleCat's ghost (novice MiBe)
  5851 | D:6      | Killed PurpleCat's ghost
  5851 | D:6      | Reached skill level 11 in Axes
  6222 | D:7      | Reached XP level 10. HP: 86/86 MP: 9/9
  6363 | D:7      | Reached **** piety under Okawaru
  6505 | D:7      | Paralysed by a hornet for 2 turns
  6512 | D:7      | Reached skill level 10 in Shields
  6750 | D:7      | Found a stormy altar of Qazlal.
  6750 | D:7      | Found a hide-covered altar of Uskayaw.
  6828 | D:7      | Found an ancient bone altar of Kikubaaqudgha.
  6890 | D:7      | Reached skill level 12 in Axes
  7161 | D:8      | Found Xomiagaf's Food Emporium.
  7171 | D:8      | Reached ***** piety under Okawaru
  7180 | D:8      | Noticed Gastronok
  7197 | D:8      | Killed Gastronok
  7197 | D:8      | Received a gift from Okawaru
  7197 | D:8      | Reached skill level 13 in Axes
  7197 | D:8      | Reached XP level 11. HP: 60/95 MP: 10/10
  7390 | D:8      | Noticed Maurice
  7431 | D:8      | Killed Maurice
  7727 | D:9      | Noticed Harold
  7754 | D:9      | Killed Harold
  7754 | D:9      | Reached skill level 1 in Stealth
  7754 | D:9      | Reached skill level 1 in Unarmed Combat
  8056 | D:9      | Noticed a two-headed ogre
  8069 | D:9      | Killed a two-headed ogre
  8256 | D:9      | Noticed Grum
  8272 | D:9      | Killed Grum
  8401 | D:9      | Received a gift from Okawaru
  8506 | D:9      | Found a staircase to the Lair.
  8616 | D:9      | Reached skill level 14 in Axes
  8664 | D:9      | Found a basalt altar of Yredelemnul.
  9015 | D:10     | Entered Level 10 of the Dungeon
  9019 | D:10     | Found a stormy altar of Qazlal.
  9079 | Lair:1   | Entered Level 1 of the Lair of Beasts
  9200 | Lair:1   | Upgraded the game from 0.23-a0-261-g133332c to
                  | 0.23-a0-270-gab6feb3
  9570 | Lair:1   | Received a gift from Okawaru
  9579 | Lair:1   | Got a slimy broad axe {god gift}
  9580 | Lair:1   | Identified the +5 broad axe of Victory {antimagic, rC+
                  | Str+2} (Okawaru gifted it to you on level 1 of the Lair of
                  | Beasts)
  9589 | Lair:1   | Reached ****** piety under Okawaru
  9780 | Lair:1   | Reached XP level 12. HP: 106/106 MP: 3/11
  9782 | Lair:1   | Noticed a four-headed hydra
  9790 | Lair:1   | Killed a one-headed hydra
 10128 | D:10     | Reached skill level 10 in Fighting
 10134 | D:10     | Reached skill level 15 in Axes
 10222 | D:10     | Found a staircase to the Orcish Mines.
 11344 | D:11     | Received a gift from Okawaru
 11776 | D:11     | Noticed a two-headed ogre
 11783 | D:11     | Killed a two-headed ogre
 11783 | D:11     | Reached skill level 16 in Axes
 12018 | D:12     | Noticed Frances
 12034 | D:12     | Killed Frances
 12076 | D:12     | Found Hyseedeu's Antique Weapon Shoppe.
 12084 | D:12     | Bought a slimy scimitar for 252 gold pieces
 12212 | D:12     | Received a gift from Okawaru
 12235 | D:12     | Noticed Erica
 12240 | D:12     | Noticed Joseph
 12252 | D:12     | Reached XP level 13. HP: 97/116 MP: 4/12
 12258 | D:12     | Killed Erica
 12261 | D:12     | Killed Joseph
 12418 | D:12     | Identified the +5 scimitar "Ylobu" {venom, rN+} (You bought
                  | it in a shop on level 12 of the Dungeon)
 12760 | D:13     | Reached skill level 10 in Armour
 13077 | D:13     | Reached skill level 17 in Axes
 13779 | D:15     | Entered Level 15 of the Dungeon
 13782 | D:15     | Received a gift from Okawaru
 13783 | D:15     | Got a bloodstained halberd {god gift}
 14042 | D:15     | Identified the +2 halberd of Eternal Vigilance {vamp, rPois
                  | Dex+5} (Okawaru gifted it to you on level 15 of the
                  | Dungeon)
 14263 | D:15     | Reached skill level 1 in Polearms
 14982 | D:14     | Found a gate to the Vaults.
 15001 | D:14     | Received a gift from Okawaru
 15050 | D:14     | Reached XP level 14. HP: 93/126 MP: 3/13
 15650 | D:15     | Paralysed by an orc sorcerer for 7 turns
 15674 | D:15     | Reached skill level 15 in Shields
 15685 | D:15     | Reached skill level 18 in Axes
 16100 | D:15     | Found a staircase to the Depths.
 17115 | D:15     | Found Nujiump's Weapon Shop.
 17411 | D:15     | Found a portal to a secret trove of treasure.
 17893 | Depths:1 | Entered Level 1 of the Depths
 17933 | Depths:1 | Found a gateway to a ziggurat.
 17965 | Depths:1 | Received a gift from Okawaru
 17966 | Depths:1 | Got polished steam dragon scales {god gift}
 18054 | Depths:1 | Identified the +1 steam dragon scales of the Wilderness
                  | {+Blink rC+ Str+4} (Okawaru gifted it to you on level 1 of
                  | the Depths)
 18431 | Depths:1 | Noticed a stone giant
 18476 | Depths:1 | Killed a stone giant
 18529 | Depths:1 | Slain by a jiangshi

Vault maps used:
D:1:      shiori_arrival_oz, serial_forest, infiniplex_forest_clump_medium,
          infiniplex_forest_fountain, infiniplex_forest_straight_3,
          infiniplex_forest_side_room, infiniplex_forest_lined_3_way,
          minmay_strange_pillars
D:2:      evilmike_ruin_ashenzari
D:3:      first_ration, grunt_ministairs_6
D:4:      uniq_sigmund, uniq_crazy_yiuf_cottage
D:5:      lemuel_doored_altar, temple_fountains, serial_shops, shop, hex_large,
          uniq_prince_ribbit1
D:6:      gammafunk_ghost_stat_death, minmay_misc_feat_pillars,
          minmay_misc_feat_square, uniq_pikel, uniq_grinder
D:7:      wad_pebble_path, kiku_gazebo_pond_becter,
          gammafunk_temple_overflow_elements, serial_undead, serial_undead_d,
          serial_undead_a, serial_undead_a, serial_undead_a
D:8:      serial_shops, shop, uniq_maurice, uniq_gastronok
D:9:      lair_entry_dummy, hangedman_fish_farm,
          lemuel_mausoleum_altar_yredelemnul, uniq_harold, uniq_grum
D:10:     hiddenorc1_lemuel, basic_altar, grunt_ministairs_8
D:11:     minivault_16
D:12:     serial_shops, nicolae_shop_overgrown_old_shop, sword_in_stone,
          uniq_frances
D:14:     lightli_vaults_fourway_checkpoint, kennysheep_decorative_pillar
D:15:     grunt_enter_depths_magical_seal, trove_entry_hex_spiral, serial_shops,
          nicolae_shop_waterfront, serial_co_window_serial, co_window_paths_a,
          co_window_corner_a, co_window_paths_b, co_window_paths_a,
          co_window_of_opportunity_a, co_window_of_opportunity_a,
          co_window_cross_3, co_window_broadway_b, co_window_of_opportunity_c,
          glass_columns_b, glass_columns_b, glass_columns_a, glass_columns_b,
          glass_columns_a, hex_tiny, minmay_checkerbox
Temple:   minmay_crystal_spiral_temple
Lair:1:   infiniplex_staircase_pool, grunt_megastairs_1
Depths:1: enter_ziggurat_d, hell_entry, minmay_misc_feat_cross, abyss_entry,
          nicolae_rare_books

Skill      XL: |  1  2  3  4  5  6  7  8  9 10 11 12 13 14 |
---------------+-------------------------------------------+-----
Armour         | 4 5 6 7 8 9 10 11 | 11.4
Shields        | 4 5 6 8 9 10 12 13 14 16 | 16.2
Axes           | 3 4 6 7 9 11 13 14 16 17 18 | 18.7
Fighting       | 4 5 6 7 8 9 11 12 13 | 13.5
Dodging        | 1 2 3 4 |  4.1
Stealth        | 1 |  1.3
Unarmed Combat | 1 |  1.2
Polearms       | 2 |  2.7
Invocations    | |  0.1
Evocations     | |  0.2

Action                   |  1- 3 |  4- 6 |  7- 9 | 10-12 | 13-15 || total
-------------------------+-------+-------+-------+-------+-------++-------
Melee: War axe           |   104 |   125 |   219 |   412 |       ||   860
       Headbutt          |    15 |    23 |    36 |   148 |   116 ||   338
       Hand axe          |       |       |    15 |     5 |    12 ||    32
       Broad axe         |       |       |       |   252 |   479 ||   731
       Unarmed           |       |       |       |    21 |       ||    21
       Halberd           |       |       |       |       |    26 ||    26
Invok: Heroism           |       |       |     1 |       |       ||     1
Evoke: Wand              |       |       |       |       |     3 ||     3
  Use: Scroll            |    12 |     2 |     5 |    11 |     5 ||    35
       Potion            |       |     2 |       |     1 |    12 ||    15
  Eat: Chunk             |     3 |     2 |     3 |     9 |     7 ||    24
       Ration            |       |     1 |     2 |     3 |     6 ||    12
Armor: Scale mail        |    44 |    38 |    12 |       |       ||    94
       Chain mail        |       |       |    15 |       |       ||    15
       Plate armour      |       |       |    73 |   180 |   228 ||   481
       Fire dragon scale |       |       |       |       |    43 ||    43
Dodge: Dodged            |    21 |    28 |    67 |    99 |   153 ||   368
Block: Shield            |   111 |    99 |   208 |   518 |   491 ||  1427
       Reflection        |     3 |     4 |     7 |    22 |    38 ||    74
       Other             |       |       |       |     2 |    14 ||    16

Table legend:
 A = Non-vault XP
 B = Vault XP
 C = Vault XP percentage of total XP
 D = Non-vault monster count
 E = Vault monster count
 F = Vault count percentage of total count
                 A         B        C        D         E       F
            +---------+---------+-------+---------+---------+-------
      Total |   68320 |   29917 |  30.5 |     428 |      96 |  18.3
            +---------+---------+-------+---------+---------+-------
        D:1 |      19 |       4 |  17.4 |      15 |       2 |  11.8
        D:2 |      48 |       0 |   0.0 |      17 |       0 |   0.0
        D:3 |     278 |       3 |   1.1 |      39 |       2 |   4.9
        D:4 |     467 |     271 |  36.7 |      24 |       2 |   7.7
        D:5 |     973 |     268 |  21.6 |      21 |       1 |   4.5
        D:6 |    1411 |    1733 |  55.1 |      27 |       6 |  18.2
        D:7 |    1761 |     671 |  27.6 |      28 |       7 |  20.0
        D:8 |     992 |    2740 |  73.4 |      12 |       2 |  14.3
        D:9 |    2796 |    2477 |  47.0 |      34 |      19 |  35.8
       D:10 |    3726 |     399 |   9.7 |      27 |      19 |  41.3
       D:11 |    4940 |     670 |  11.9 |      24 |       1 |   4.0
       D:12 |    4161 |    5587 |  57.3 |      26 |       6 |  18.8
       D:13 |    6198 |       0 |   0.0 |      23 |       0 |   0.0
       D:14 |    5961 |    6022 |  50.3 |      22 |      12 |  35.3
       D:15 |   13960 |    8483 |  37.8 |      37 |      14 |  27.5
     Lair:1 |    5514 |     589 |   9.7 |      25 |       3 |  10.7
   Depths:1 |   15115 |       0 |   0.0 |      27 |       0 |   0.0
            +---------+---------+-------+---------+---------+-------
